 Dungeon Crawl Stone Soup version 0.25-a0-424-g80bd347ae0 (webtiles) character file.

Game seed: 1530143402066298154, levelgen mode: deterministic

82 Alfie the Shooter (level 4, -4/34 HPs)
             Began as a Human Hunter on Jan 21, 2020.
             Slain by Terence
             ... wielding a +0 morningstar
              (9 damage)
             ... on level 3 of the Dungeon.
             The game lasted 00:06:34 (1744 turns).

Alfie the Shooter (Human Hunter)                    Turns: 1744, Time: 00:06:35

Health: -4/34      AC:  4    Str: 13    XL:     4   Next: 70%
Magic:  0/4        EV: 12    Int: 11    God:
Gold:   165        SH:  0    Dex: 14    Spells: 3/3 levels left

rFire    . . .     SeeInvis .   a - +1 shortbow
rCold    . . .     Gourm    .   (shield currently unavailable)
rNeg     . . .     Faith    .   c - +1 leather armour
rPois    .         Spirit   +   (no helmet)
rElec    .         Reflect  .   l - scarf {Spirit}
rCorr    .         Harm     .   (no gloves)
MR       .....                  (no boots)
Stlth    +.........             (no amulet)
HPRegen  0.11/turn              (no ring)
MPRegen  0.09/turn              (no ring)

@: lethally poisoned (-4 -> -12)
A: no striking features
a: no special abilities


You were on level 3 of the Dungeon.
You were not hungry.

You visited 1 branch of the dungeon, and saw 3 of its levels.

You collected 165 gold pieces.

Inventory:

Hand Weapons
 a - a +1 shortbow (weapon)
 b - a +0 short sword
Missiles
 d - 53 arrows (quivered)
 k - 3 boomerangs
Armour
 c - a +1 leather armour (worn)
 l - a scarf of spirit shield (worn)
 n - a cursed +0 pair of gloves
Scrolls
 e - a scroll of remove curse
 h - a scroll of identify
 j - 2 scrolls of enchant armour
Potions
 g - 3 potions of flight
 i - a potion of cancellation {unknown}
 m - a potion of brilliance {unknown}
Comestibles
 f - 2 rations


   Skills:
 + Level 2.4 Fighting
 + Level 5.4 Bows
 + Level 0.5 Armour
 + Level 2.0 Dodging
 + Level 1.1 Stealth


You had 3 spell levels left.
You didn't know any spells.
Your spell library was empty.

Dungeon Overview and Level Annotations

Branches:
Dungeon (3/15)

Altars:

Annotations:
D:3 Terence


Message History

Firing (i - inventory. (/) - cycle)
d - 56 arrows (quivered)
Press: ? - help, Shift-Dir - straight line, f/p - Terence
Aim: Terence, wielding a +0 morningstar and wearing a +0 ring mail (heavily wounded)
You shoot an arrow. The arrow closely misses Terence.
You feel sick. The adder closely misses you.
Terence drinks a potion.
Terence is healed!
The adder bites you but does no damage.
Firing (i - inventory. (/) - cycle)
d - 55 arrows (quivered)
Press: ? - help, Shift-Dir - straight line, f/p - Terence
Aim: Terence, wielding a +0 morningstar and wearing a +0 ring mail You shoot an arrow.
The arrow hits Terence.
Terence is lightly wounded.
You feel sick. The adder barely misses you.
Terence hits you with a +0 morningstar!
* * * LOW HITPOINT WARNING * * *
Firing (i - inventory. (/) - cycle)
d - 54 arrows (quivered)
Press: ? - help, Shift-Dir - straight line, f/p - Terence
Aim: Terence, wielding a +0 morningstar and wearing a +0 ring mail (lightly wounded)
You shoot an arrow. The arrow barely misses Terence.
The adder bites you but does no damage. Terence hits you with a +0 morningstar!
You die...

..... .##(
#.... ....
#.... .(.((
##....
(.... .....
......
...##(...
.#. #..@.#
.....#.@#
.......S#
..........#
.......##.#
....... .#
......( .
....... ..
....... .#
....... .#


You could see Terence and an adder.

Vanquished Creatures
  An adder (D:3)
  An ooze (D:1)
  2 worms (D:2)
  A dart slug (D:1)
  5 leopard geckos
  An orc (D:3)
  3 bats (D:1)
  4 giant cockroaches
  2 goblins
  4 hobgoblins
  7 jackals
  8 frilled lizards
  10 kobolds
  3 rats
52 creatures vanquished.

Vanquished Creatures (others)
  4 toadstools (D:2)
4 creatures vanquished.

Grand Total: 56 creatures vanquished

Notes
Turn   | Place    | Note
-------+----------+-------------------------------------------
     0 | D:1      | Alfie the Human Hunter began the quest for the Orb.
     0 | D:1      | Reached XP level 1. HP: 16/16 MP: 1/1
   279 | D:1      | Reached XP level 2. HP: 22/22 MP: 2/2
   388 | D:1      | Reached XP level 3. HP: 19/27 MP: 3/3
   708 | D:1      | Reached skill level 5 in Bows
  1024 | D:2      | Reached XP level 4. HP: 30/33 MP: 4/4
  1733 | D:3      | Noticed Terence
  1744 | D:3      | Slain by Terence

Levels and vault maps discovered:
D:1:      ncdulo_smallfort, layout_loops_corners
D:2:      minmay_chambers_of_ones, layout_loops_ring, minmay_gold_behind_fungi,
          minivault_19, minmay_lizard_pond
D:3:      layout_rooms, chequers_ecumenical_altar_simple_redux, uniq_ijyb,
          uniq_terence

Skill      XL: |  1  2  3 |
---------------+----------+-----
Bows           | 5 |  5.4
Fighting       | |  2.4
Armour         | |  0.5
Dodging        | |  2.0
Stealth        | |  1.1

Action                   |  1- 3 |  4- 6 || total
-------------------------+-------+-------++-------
 Fire: Shortbow          |    96 |    73 ||   169
  Use: Scroll            |     4 |     1 ||     5
  Eat: Ration            |       |     1 ||     1
Armor: Leather armour    |     5 |    10 ||    15
Dodge: Dodged            |    23 |    21 ||    44

Table legend:
 A = Non-vault XP
 B = Vault XP
 C = Vault XP percentage of total XP
 D = Non-vault monster count
 E = Vault monster count
 F = Vault count percentage of total count
                 A         B        C        D         E       F
            +---------+---------+-------+---------+---------+-------
      Total |     101 |      17 |  14.4 |      42 |      10 |  19.2
            +---------+---------+-------+---------+---------+-------
        D:1 |      55 |       0 |   0.0 |      25 |       0 |   0.0
        D:2 |      24 |      17 |  41.5 |      12 |      10 |  45.5
        D:3 |      22 |       0 |   0.0 |       5 |       0 |   0.0
            +---------+---------+-------+---------+---------+-------
